 Dungeon Crawl Stone Soup version 0.31.0-11-ge490571c62 (webtiles) character file.

Game seed: 2635261421609597510

595 Cheops the Ruffian (level 7, -1/53 HPs)
             Began as a Gnoll Shapeshifter on Feb 2, 2024.
             Killed from afar by an orc wizard (12 damage)
             ... with a magic dart
             ... on level 5 of the Dungeon.
             The game lasted 00:14:31 (4010 turns).

Cheops the Ruffian (Gnoll Shapeshifter)             Turns: 4010, Time: 00:14:31

Health: -1/53      AC:  2    Str: 16    XL:     7   Next: 40%
Magic:  10/10      EV: 13    Int:  9    God:
Gold:   235        SH:  0    Dex: 11    Spells: 11/11 levels left

rFire   . .          .
                       - Unarmed
rCold   . . .        (no shield)
rNeg    . . .        a - +0 animal skin
rPois   .            (helmet currently unavailable)
rElec   .            i - melded +0 cloak
rCorr   .            (gloves currently unavailable)
SInv    .            (boots currently unavailable)
Will    .....        (no amulet)
Stlth   ++           (no ring)
HPRegen 0.28/turn    (no ring)
MPRegen 0.12/turn

%: no passive effects
@: beast-form
A: beast (slay +4), fangs 1, strong nose, distributed training
a: Begin Untransformation


You were on level 5 of the Dungeon.
You were a hulking beast.
You visited 1 branch of the dungeon, and saw 5 of its levels.

You collected 235 gold pieces.

Inventory:

Armour
 a - a +0 animal skin (worn)
 i - a +0 cloak (melded)
Talismans
 A - a beast talisman (active)
 B - a flux talisman
Wands
 s - a wand of flame (25)
 w - a wand of mindburst (3)
Scrolls
 c - 2 scrolls of fear {unknown}
 d - a scroll of silence {unknown}
 e - 2 scrolls of teleportation {unknown}
 j - a scroll of blinking {unknown}
 m - a scroll of summoning {unknown}
 n - 2 scrolls of identify {unknown}
 o - a scroll of enchant weapon {unknown}
 r - 4 scrolls of enchant armour {unknown}
 v - a scroll of fog {unknown}
Potions
 b - a potion of lignification
 f - a potion of haste {unknown}
 g - a potion of attraction {unknown}
 h - a potion of enlightenment {unknown}
 k - a potion of degeneration {unknown}
 l - 2 potions of might {unknown}
 p - 2 potions of mutation {unknown}
 q - a potion of heal wounds {unknown}
 t - a potion of invisibility {unknown}
 u - a potion of brilliance {unknown}


   Skills:
 + Level 3.7 Fighting
 + Level 2.5 Short Blades
 + Level 2.5 Long Blades
 + Level 2.5 Axes
 + Level 2.5 Maces & Flails
 + Level 2.5 Polearms
 + Level 2.5 Staves
 + Level 2.5 Ranged Weapons
 + Level 2.5 Throwing
 + Level 2.5 Armour
 + Level 5.3 Dodging
 + Level 2.5 Stealth
 + Level 2.5 Shields
 + Level 7.1 Unarmed Combat
 + Level 2.5 Spellcasting
 + Level 2.1 Conjurations
 + Level 2.1 Hexes
 + Level 2.1 Summonings
 + Level 2.1 Necromancy
 + Level 2.1 Translocations
 + Level 2.1 Fire Magic
 + Level 2.1 Ice Magic
 + Level 2.1 Air Magic
 + Level 2.1 Earth Magic
 + Level 2.1 Alchemy
 + Level 2.8 Invocations
 + Level 2.5 Evocations
 + Level 7.0 Shapeshifting


You had 11 spell levels left.
You didn't know any spells.
Your spell library contained the following spells:

 Spells                   Type           Power      Damage    Failure   Level
 Sublimation of Blood     Necr           4%         N/A       21%         2
 Petrify                  Alch/Erth      4%         N/A       78%         4
 Irradiate                Conj/Alch      2%         3d12      98%         5


Dungeon Overview and Level Annotations

Branches:
Dungeon (5/15)
 Temple: D:4-7

Altars:
Dithmenos
Gozag
Ru
Trog
Uskayaw
Wu Jian
Xom
Zin

Shops:
D:3 [


Innate Abilities, Weirdness & Mutations

You are a hulking beast.
Your limbs bulge with bestial killing power. (Slay +4)
You have very sharp teeth.
Your uncanny sense of smell can sniff out nearby items.
Your experience applies equally to all skills.


Message History

The orc wizard is almost dead.
The orc closely misses you. The orc hits you with a +0 hand axe!
The orc wizard hits you with a +0 dagger.
You punch the orc wizard!
You kill the orc wizard!
You feel less confused. The orc closely misses you. The orc barely misses you.
The orc hits you with a +0 hand axe. Something barely misses you.
Your Shapeshifting skill increases to level 7!
You punch something! The orc closely misses you. The orc barely misses you.
The orc hits you with a +0 flail!
* * * LOW HITPOINT WARNING * * *
Unknown command.
Unknown command.
Unknown command.
You punch the orc!
You kill the orc!
You hear some strange, mumbled words.
A magic dart appears from out of thin air!
The magic dart hits you!
* * * LOW HITPOINT WARNING * * *
The orc closely misses you.
You hit the orc.
The orc is severely wounded.
The orc closely misses you. Something hits you.
* * * LOW HITPOINT WARNING * * *
The orc hits you from afar with a +0 trident.
* * * LOW HITPOINT WARNING * * *
You punch the orc!
You kill the orc!
Something hits you but does no damage.
The orc hits you from afar with a +0 trident!
* * * LOW HITPOINT WARNING * * *
Something hits you but does no damage. The orc closely misses you.
You punch the orc!
You kill the orc!
You hear some strange, mumbled words.
A magic dart appears from out of thin air!
The magic dart hits you!
You die...

#.........#..
#.........#.. ...
#...).....#.. #..
#...))....#.. #...
######.........### #...
#.................
#....#.................
#....#){...#########...
#....)h....# #...
..######))...# +...
.............# #...
........###### #...
........# ####
##......# #......#
+......# #......#


There were no monsters in sight!

Vanquished Creatures
  A water moccasin (D:5)
  A black bear (D:4)
  An ogre (D:4)
  An orc priest (D:4)
  An iguana (D:5)
  3 orc wizards
  7 adders
  A dart slug (D:3)
  3 ribbon worms
  16 orcs
  9 ball pythons
  6 bats
  8 endoplasms
  8 giant cockroaches
  5 goblins
  8 hobgoblins
  4 quokkas
  3 frilled lizards
  8 kobolds
  4 rats
98 creatures vanquished.

Notes
Turn   | Place    | Note
-------+----------+-------------------------------------------
     0 | D:1      | Cheops the Gnoll Shapeshifter began the quest for the Orb.
     0 | D:1      | Reached XP level 1. HP: 17/17 MP: 1/1
    77 | D:1      | Reached XP level 2. HP: 19/23 MP: 2/2
   486 | D:1      | Reached XP level 3. HP: 28/28 MP: 3/3
  1152 | D:2      | Reached skill level 1 in Invocations
  1153 | D:2      | Reached skill level 1 in Short Blades
  1153 | D:2      | Reached skill level 1 in Long Blades
  1153 | D:2      | Reached skill level 1 in Axes
  1153 | D:2      | Reached skill level 1 in Maces & Flails
  1153 | D:2      | Reached skill level 1 in Polearms
  1153 | D:2      | Reached skill level 1 in Staves
  1153 | D:2      | Reached skill level 1 in Ranged Weapons
  1153 | D:2      | Reached skill level 1 in Throwing
  1153 | D:2      | Reached skill level 1 in Armour
  1153 | D:2      | Reached skill level 1 in Stealth
  1153 | D:2      | Reached skill level 1 in Shields
  1153 | D:2      | Reached skill level 1 in Spellcasting
  1153 | D:2      | Reached skill level 1 in Evocations
  1153 | D:2      | Reached XP level 4. HP: 19/34 MP: 5/5
  1159 | D:2      | Reached skill level 1 in Conjurations
  1159 | D:2      | Reached skill level 1 in Hexes
  1159 | D:2      | Reached skill level 1 in Summonings
  1159 | D:2      | Reached skill level 1 in Necromancy
  1159 | D:2      | Reached skill level 1 in Translocations
  1159 | D:2      | Reached skill level 1 in Fire Magic
  1159 | D:2      | Reached skill level 1 in Ice Magic
  1159 | D:2      | Reached skill level 1 in Air Magic
  1159 | D:2      | Reached skill level 1 in Earth Magic
  1159 | D:2      | Reached skill level 1 in Alchemy
  1779 | D:2      | Reached XP level 5. HP: 40/40 MP: 7/7
  2047 | D:3      | Found a sacrificial altar of Ru.
  2048 | D:3      | Found a glowing silver altar of Zin.
  2713 | D:3      | Found a faded altar of an unknown god.
  2851 | D:3      | Found Qud Xade's Armour Shoppe.
  3028 | D:4      | Noticed an ogre
  3183 | D:4      | Found an ornate altar of the Wu Jian Council.
  3292 | D:4      | Killed an ogre
  3293 | D:4      | Reached skill level 5 in Dodging
  3293 | D:4      | Reached XP level 6. HP: 47/47 MP: 7/9
  3345 | D:4      | Noticed a black bear
  3352 | D:4      | Killed a black bear
  3383 | D:4      | Found a hide-covered altar of Uskayaw.
  3384 | D:4      | Found a shadowy altar of Dithmenos.
  3388 | D:4      | Found a shimmering altar of Xom.
  3391 | D:4      | Found a bloodstained altar of Trog.
  3605 | D:5      | Entered Level 5 of the Dungeon
  3605 | D:5      | Noticed a water moccasin
  3616 | D:5      | Killed a water moccasin
  3617 | D:5      | Reached XP level 7. HP: 27/52 MP: 10/10
  3771 | D:5      | Found an opulent altar of Gozag.
  4010 | D:5      | Killed from afar by an orc wizard

Illustrated notes

Levels and vault maps discovered:
D:1:      evilmike_arrival_crescent, layout_basic
D:2:      layout_basic
D:3:      layout_basic, mainiacjoe_overflow_catwalk_spiral, serial_shops, shop,
          shapermc_ecumenical_altar_notcrosses, hangedman_decor_points
D:4:      cheibrodos_quashed, layout_gridville, mainiacjoe_overflow_boulevard,
          nicolae_overflow_macrodata_refinement, minivault_1,
          due_unseen_surprise
D:5:      layout_gridville, nicolae_gozag_seed_capital, uniq_sigmund

Skill      XL: |  1  2  3  4  5  6  7 |
---------------+----------------------+-----
Invocations    | 1 2 |  2.8
Short Blades   | 1 2 |  2.5
Long Blades    | 1 2 |  2.5
Axes           | 1 2 |  2.5
Maces & Flails | 1 2 |  2.5
Polearms       | 1 2 |  2.5
Staves         | 1 2 |  2.5
Ranged Weapons | 1 2 |  2.5
Throwing       | 1 2 |  2.5
Armour         | 1 2 |  2.5
Stealth        | 1 2 |  2.5
Shields        | 1 2 |  2.5
Spellcasting   | 1 2 |  2.5
Evocations     | 1 2 |  2.5
Conjurations   | 1 2 |  2.1
Hexes          | 1 2 |  2.1
Summonings     | 1 2 |  2.1
Necromancy     | 1 2 |  2.1
Translocations | 1 2 |  2.1
Fire Magic     | 1 2 |  2.1
Ice Magic      | 1 2 |  2.1
Air Magic      | 1 2 |  2.1
Earth Magic    | 1 2 |  2.1
Alchemy        | 1 2 |  2.1
Fighting       | 3 |  3.7
Dodging        | 5 |  5.3
Unarmed Combat | 7 |  7.1
Shapeshifting  | 7 |  7.0

Action                     |  1- 3 |  4- 6 |  7- 9 || total
---------------------------+-------+-------+-------++-------
  Melee: Unarmed           |    57 |   122 |    26 ||   205
         Bite              |     4 |     7 |     3 ||    14
         Punch             |     2 |     2 |     2 ||     6
Ability: Begin Untransform |     2 |       |       ||     2
  Evoke: Wand              |       |    10 |       ||    10
   Stab: Sleeping          |     1 |     1 |       ||     2
         Distracted        |       |     1 |       ||     1
 Armour: Animal skin       |    16 |    47 |    26 ||    89
  Dodge: Dodged            |    27 |    66 |    19 ||   112
   Form: Beast             |     2 |       |       ||     2
